 Dungeon Crawl Stone Soup version 0.19.1 (webtiles) character file.

1523 jaintor the Chopper (level 9, -2/102 HPs)
             Began as a Human Berserker on Dec 9, 2016.
             Was a Believer of Trog.
             Slain by Malachi's ghost (8 damage)
             ... on level 5 of the Dungeon.
             The game lasted 00:41:10 (6821 turns).

jaintor the Chopper (Human Berserker)               Turns: 6821, Time: 00:41:15

Health: -2/102     AC: 12    Str: 22    XL:     9   Next: 10%
Magic:  9/9        EV: 10    Int:  8    God:    Trog [**....]
Gold:   230        SH:  0    Dex: 16    Spells: 0 memorised, 8 levels left

rFire  . . .     SeeInvis .     u - +1 hand axe
rCold  . . .     Gourm    .     w - +1 chain mail
rNeg   . . .     Faith    .     (no shield)
rPois  .         Spirit   .     (no helmet)
rElec  .         Reflect  .     e - +0 cloak
rCorr  .         Harm     .     (no gloves)
MR     .....                    (no boots)
Stlth  ..........               (no amulet)
                                (no ring)
                                (no ring)

@: berserking, very quick
A: no striking features
a: Berserk, Trog's Hand, Burn Spellbooks, Renounce Religion


You were on level 5 of the Dungeon.
You worshipped Trog.
Trog was pleased with you.
You were hungry.

You visited 1 branch of the dungeon, and saw 5 of its levels.

You collected 230 gold pieces.

Inventory:

Hand Weapons
 d - a +0 whip
 f - a +0 arbalest
 g - a +0 club
 n - a +4 vampiric short sword
 o - a +1 rapier of flaming
 u - a +1 hand axe (weapon)
 v - a +0 shortbow
Missiles
 l - 126 stones (quivered)
 z - 12 arrows
Armour
 e - a +0 cloak (worn)
 w - a +1 chain mail (worn)
 x - a +0 leather armour
 y - a +0 scale mail
Jewellery
 h - an uncursed amulet of rage {unknown}
 r - an uncursed ring of magical power {unknown}
Wands
 q - a wand of slowing (24/48)
Scrolls
 b - a scroll of random uselessness {unknown}
 c - 2 scrolls of recharging {unknown}
 k - a scroll of enchant weapon
 p - 6 scrolls of remove curse
Potions
 i - a potion of brilliance
 j - a potion of haste {unknown}
 m - a potion of berserk rage {unknown}
Comestibles
 s - a meat ration


   Skills:
 + Level 5.0 Fighting
 + Level 0.2 Short Blades
 + Level 5.9 Axes
 + Level 1.1(3.8) Maces & Flails
 + Level 4.0 Throwing
 + Level 4.9 Armour
 + Level 4.0 Dodging
 + Level 1.8 Stealth
 + Level 3.4 Unarmed Combat


You had 8 spell levels left.
You didn't know any spells.

Dungeon Overview and Level Annotations

Branches:
Dungeon (5/15)
 Temple: D:4-7

Altars:

Annotations:
D:5 Malachi's ghost, amateur DsBe


Message History

* * * LOW HITPOINT WARNING * * *
You hit Malachi's ghost but do no damage.
Malachi's ghost is moderately damaged.
You hit the orc priest but do no damage.
Malachi's ghost hits you.
* * * LOW HITPOINT WARNING * * *
The orc priest hits you with a club.
* * * LOW HITPOINT WARNING * * *
A red film seems to cover your vision as you go berserk!
You feel yourself moving faster!
You feel mighty!
You are feeling hungry.
Malachi's ghost barely misses you. The orc priest barely misses you.
You closely miss Malachi's ghost.
Malachi's ghost is moderately damaged.
You slash the orc priest!
You kill the orc priest!
Trog accepts your kill.
Your Dodging skill increases to level 4!
Malachi's ghost hits you!
You die...

......# ##....# ..#
##....##### ..#
...>....... ... .
####..# #.# #.# .#
####..# #.# #.# #.##
......# #.# #.# ....
####.####.###.####o.#..#
#.W.........W@)oa....
####.#.########l.#..<
#.#.# .# #...# # #.###
#.# #.# #.# #.#


You could see a worker ant, Malachi's ghost, 2 orcs and a frilled lizard.

Vanquished Creatures
  The ghost of ohados the Transmogrifier, a novice OpTm (D:4)
  Sigmund (D:5)
  Eustachio (D:5)
  2 phantoms
  An ogre (D:4)
  A centaur (D:4)
  A scorpion (D:4)
  2 howler monkeys (D:4)
  2 hounds
  An orc priest (D:5)
  An orc wizard (D:4)
  An iguana (D:4)
  5 worker ants (D:4)
  A gnoll (D:1)
  4 adders
  An ooze (D:2)
  2 adder skeletons
  An adder zombie (D:3)
  A worm (D:4)
  2 leopard geckos
  11 orcs
  5 giant cockroaches
  9 goblins
  A hobgoblin (D:3)
  9 jackals
  A quokka (D:4)
  3 bats
  5 frilled lizards
  A jackal zombie (D:5)
  6 kobolds
  A leopard gecko skeleton (D:4)
  9 rats
  A plant (D:1)
94 creatures vanquished.

Vanquished Creatures (others)
  An orc wizard (D:4)
1 creature vanquished.

Grand Total: 95 creatures vanquished

Notes
Turn   | Place    | Note
-------+----------+-------------------------------------------
     0 | D:1      | jaintor the Human Berserker began the quest for the Orb.
     0 | D:1      | Reached XP level 1. HP: 18/18 MP: 1/1
    23 | D:1      | Reached XP level 2. HP: 13/24 MP: 2/2
   392 | D:1      | Reached XP level 3. HP: 28/29 MP: 3/3
  1616 | D:2      | Reached XP level 4. HP: 35/35 MP: 4/4
  1809 | D:2      | Reached ** piety under Trog
  1809 | D:2      | Reached skill level 1 in Maces & Flails
  2328 | D:3      | Reached skill level 1 in Stealth
  3052 | D:4      | Reached XP level 5. HP: 36/41 MP: 5/5
  3058 | D:4      | Noticed ohados's ghost (novice OpTm)
  3074 | D:4      | Killed ohados's ghost
  3074 | D:4      | Reached XP level 6. HP: 16/48 MP: 6/6
  3074 | D:4      | Reached XP level 7. HP: 17/53 MP: 7/7
  4585 | D:4      | Reached XP level 8. HP: 41/60 MP: 8/8
  5517 | D:4      | Reached skill level 5 in Axes
  5889 | D:5      | Entered Level 5 of the Dungeon
  5984 | D:5      | Noticed Eustachio
  6068 | D:5      | Killed Eustachio
  6413 | D:5      | Noticed Sigmund
  6775 | D:5      | Noticed Malachi's ghost (amateur DsBe)
  6784 | D:5      | Killed Sigmund
  6784 | D:5      | Reached skill level 5 in Fighting
  6784 | D:5      | Reached XP level 9. HP: 68/68 MP: 9/9
  6821 | D:5      | Slain by Malachi's ghost

Skill      XL: |  1  2  3  4  5  6  7  8  9 |
---------------+----------------------------+-----
Maces & Flails | 1 |  1.1
Stealth        | 1 |  1.8
Axes           | 3 4 5 |  5.9
Throwing       | 2 4 |  4.0
Dodging        | 3 4 |  4.0
Armour         | 3 4 |  4.9
Fighting       | 4 5 |  5.0
Short Blades   | |  0.2
Unarmed Combat | |  3.4

Action                   |  1- 3 |  4- 6 |  7- 9 || total
-------------------------+-------+-------+-------++-------
Melee: Unarmed           |     3 |       |       ||     3
       Whip              |    70 |    39 |       ||   109
       Short sword       |    62 |       |       ||    62
       Punch             |     2 |     1 |     6 ||     9
       Hand axe          |       |    89 |   363 ||   452
Throw: Stone             |    18 |    40 |    96 ||   154
Invok: Berserk           |     1 |     1 |     2 ||     4
       Trog's Hand       |       |       |     3 ||     3
Evoke: Wand              |       |       |     1 ||     1
  Use: Scroll            |     2 |       |    10 ||    12
       Potion            |       |       |     5 ||     5
  Eat: Chunk             |     2 |       |       ||     2
       Bread ration      |     1 |       |     1 ||     2
       Beef jerky        |     1 |       |       ||     1
       Fruit             |       |     3 |       ||     3
       Meat ration       |       |     1 |     1 ||     2
       Royal jelly       |       |       |     1 ||     1
       Pizza             |       |       |     1 ||     1
Armor: Animal skin       |    32 |       |       ||    32
       Leather armour    |     2 |    32 |     1 ||    35
       Scale mail        |       |       |   120 ||   120
       Chain mail        |       |       |    41 ||    41
Dodge: Dodged            |    69 |    73 |   220 ||   362
